 Dungeon Crawl Stone Soup version 0.31.0-11-ge490571c62 (webtiles) character file.

Game seed: 9755536964942022590

41 qw the Shooter (level 3, -8/20 HPs)
             Began as a Deep Elf Hunter on Feb 4, 2024.
             Mangled by a gnoll
             ... wielding a +0 halberd
              (16 damage)
             ... on level 2 of the Dungeon.
             The game lasted 00:00:04 (1110 turns).

qw the Shooter (Deep Elf Hunter)                    Turns: 1110, Time: 00:00:04

Health: -8/20      AC:  3    Str: 10    XL:     3   Next: 32%
Magic:  5/5        EV: 12    Int: 13    God:
Gold:   50         SH:  0    Dex: 18    Spells: 2/2 levels left

rFire   . . .        a - +0 shortbow
rCold   . . .        (shield currently unavailable)
rNeg    . . .        c - +0 leather armour
rPois   .            (no helmet)
rElec   .            (no cloak)
rCorr   .            (no gloves)
SInv    .            (no boots)
Will    .....        (no amulet)
Stlth   ++           (no ring)
HPRegen 0.23/turn    (no ring)
MPRegen 0.09/turn

%: no passive effects
@: no status effects
A: no striking features
a: no special abilities


You were on level 2 of the Dungeon.
You visited 1 branch of the dungeon, and saw 2 of its levels.

You collected 71 gold pieces.
You spent 21 gold pieces at shops.


   Skills:
 - Level 1.5 Fighting
 + Level 6.9 Ranged Weapons
 - Level 2.4 Dodging
 - Level 1.2 Stealth


You had 2 spell levels left.
You didn't know any spells.
Your spell library was empty.

Inventory:

Hand Weapons
 a - a +0 shortbow (weapon)
Armour
 b - a +0 scale mail
 c - a +0 leather armour (worn)
Potions
 d - a potion of curing
 e - a potion of lignification {unknown}
 g - a potion of ambrosia {unknown}
 i - a potion of enlightenment {unknown}

Dungeon Overview and Level Annotations

Branches:
Dungeon (2/15)

Altars:

Shops:
D:1 *


Message History

Found a hand axe.
You shoot an arrow.
The arrow hits the gnoll but does no damage.
The gnoll shouts!
You hear a shout!
A gnoll comes into view. It is wielding a +0 flail.
You shoot an arrow. The arrow barely misses the gnoll.
The gnoll shouts!
A gnoll comes into view. It is wielding a +0 flail. x2
A gnoll comes into view. It is wielding a +0 halberd.
The gnoll moves out of view.
Enter note:
Enter note:
1103 ||| RETREEEEATING.
The gnoll shouts! x2
You shoot an arrow. The arrow hits the gnoll.
The gnoll is lightly wounded.
You shoot an arrow. The arrow hits the gnoll.
The gnoll is moderately wounded.
The gnoll hits you with a +0 flail.
You shoot an arrow. The arrow hits the gnoll!
The gnoll is almost dead.
The gnoll hits you with a +0 flail.
You shoot an arrow. The arrow hits the gnoll.
You kill the gnoll!
You have reached level 3!
Your experience leads to an increase in your attributes!
Increase (S)trength, (I)ntelligence, or (D)exterity?
You feel stronger. x2
You shoot an arrow. The arrow hits the gnoll.
The gnoll is heavily wounded.
The gnoll hits you with a +0 flail.
You shoot an arrow. The arrow hits the gnoll!
You kill the gnoll!
You shoot an arrow. The arrow hits the gnoll.
The gnoll is moderately wounded.
The gnoll hits you with a +0 flail. x2
The gnoll hits you from afar with a +0 halberd!
Ouch! That really hurt!
You die...

..# ..# .. ..######.##
.......... ..####...
#.... ....##.# #.... .
#......####.... ...
#.............#+#77)..7.
#.............#.@ggg....
#...#.........#.#77....7
#..>#.........#.# .).
....#...........# .
#.#.#...........#
#.#.#).%........#
..#.#...........#
###.#####.####..#
#.............#


You could see 3 gnolls.

Vanquished Creatures
  2 gnolls (D:2)
  A ribbon worm (D:2)
  An endoplasm (D:1)
  3 giant cockroaches (D:1)
  3 kobolds
  2 quokkas (D:1)
  A ball python (D:1)
  2 frilled lizards
  3 goblins
  A rat (D:2)
19 creatures vanquished.

Notes
Turn   | Place    | Note
-------+----------+-------------------------------------------
     0 | D:1      | qw the Deep Elf Hunter began the quest for the Orb.
     0 | D:1      | Reached XP level 1. HP: 12/12 MP: 3/3
     0 | D:1      | 0 ||| qw: Version: 0.3-a-160-g6735b56
     0 | D:1      | 0 ||| qw: Game counter: 5385
     0 | D:1      | 0 ||| qw: Melee chars always use a shield: true
     0 | D:1      | 0 ||| qw: God list: Okawaru
     0 | D:1      | 0 ||| qw: Allow faded altars: false
     0 | D:1      | 0 ||| qw: Do Orc after clearing Dungeon:15 true
     0 | D:1      | 0 ||| qw: Do second Lair branch before Depths: true
     0 | D:1      | 0 ||| qw: Lair rune preference: random
     0 | D:1      | 0 ||| qw: Goals: Normal
     0 | D:1      | 0 ||| PLANNING D:1-11
   169 | D:1      | Found Dasinom's Assorted Antiques.
   177 | D:1      | 177 ||| BUYING fizzy brown potion (21 gold).
   177 | D:1      | Bought a fizzy brown potion for 21 gold pieces
   177 | D:1      | 177 ||| SHOPLISTING scale mail (96 gold, have 16).
   177 | D:1      | 177 ||| SHOPLISTING scroll labelled RAAPESH QEYFY (24 gold,
                  | have 16).
   335 | D:1      | Reached XP level 2. HP: 16/16 MP: 4/4
   686 | D:1      | Reached skill level 6 in Ranged Weapons
   878 | D:1      | 878 ||| READING scroll labelled KIEPRE QUSUH.
   878 | D:1      | 878 ||| IDENTIFYING blue potion
   879 | D:1      | 879 ||| READING 2 scrolls labelled NEUBBIPNESAWE.
   880 | D:1      | 880 ||| DROPPING scroll of butterflies.
   881 | D:1      | 881 ||| DROPPING scroll of fear.
  1103 | D:2      | 1103 ||| RETREEEEATING.
  1108 | D:2      | Reached XP level 3. HP: 15/20 MP: 5/5
  1110 | D:2      | Mangled by a gnoll

Levels and vault maps discovered:
D:1:      lightli_iron_boxes, layout_basic, serial_shops,
          nicolae_shop_tiny_statue_garden
D:2:      layout_basic, pf_guarded_unrand_woodcutter

Skill      XL: |  1  2 |
---------------+-------+-----
Ranged Weapons | 6 |  6.9
Fighting       | |  1.5
Dodging        | |  2.4
Stealth        | |  1.2

Action                     || total
---------------------------++-------
   Fire: Shortbow          ||    54
    Use: Scroll            ||     2
 Armour: Leather armour    ||     8
  Dodge: Dodged            ||     3

Table legend:
 A = Non-vault XP
 B = Vault XP
 C = Vault XP percentage of total XP
 D = Non-vault monster count
 E = Vault monster count
 F = Vault count percentage of total count
                 A         B        C        D         E       F
            +---------+---------+-------+---------+---------+-------
      Total |      29 |      30 |  50.8 |      17 |       2 |  10.5
            +---------+---------+-------+---------+---------+-------
        D:1 |      18 |       0 |   0.0 |      11 |       0 |   0.0
        D:2 |      11 |      30 |  73.2 |       6 |       2 |  25.0
            +---------+---------+-------+---------+---------+-------
